 Dungeon Crawl Stone Soup version 0.22.1-1-ga44c0e5 (webtiles) character file.

323 harcile the Slasher (level 6, -1/53 HPs)
             Began as a Hill Orc Fighter on Oct 26, 2018.
             Was an Initiate of the Shining One.
             Slain by an ogre
             ... wielding a +0 giant club
              (11 damage)
             ... on level 4 of the Dungeon.
             The game lasted 00:09:37 (2693 turns).

harcile the Slasher (Hill Orc Fighter)              Turns: 2693, Time: 00:09:38

Health: -1/53      AC: 11    Str: 20    XL:     6   Next: 47%
Magic:  6/6        EV:  9    Int:  8    God:    the Shining One [......]
Gold:   183        SH:  9    Dex: 11    Spells: 5/5 levels left

rFire    . . .     SeeInvis +   a - +0 long sword
rCold    . . .     Gourm    .   c - +0 shield
rNeg     . . .     Faith    .   e - quicksilver dragon scales
rPois    .         Spirit   .   (no helmet)
rElec    .         Reflect  .   (no cloak)
rCorr    .         Harm     .   h - +0 pair of gloves
MR       +....                  (no boots)
Stlth    ..........             q - amulet of regeneration
HPRegen  0.57/turn              j - ring of see invisible
MPRegen  0.10/turn              (no ring)

@: glowing
A: no striking features
a: Renounce Religion


You were on level 4 of the Dungeon.
You worshipped the Shining One.
The Shining One was noncommittal.
You were very hungry.

You visited 1 branch of the dungeon, and saw 4 of its levels.

You collected 183 gold pieces.

Inventory:

Hand Weapons
 a - a +0 long sword (weapon)
 v - a +0 arbalest
 y - a +0 spear of piercing
Armour
 c - a +0 shield (worn)
 e - quicksilver dragon scales (worn)
 h - a +0 pair of gloves (worn)
 m - a +0 pair of gloves
 t - a +0 pair of gloves
 w - a +0 troll leather armour {Purgy}
 B - the +1 robe "Xikhoudi" {+Fly rC++ Int-5, unknown}
   (You found it on level 4 of the Dungeon)

   It affects your intelligence (-5).
   It greatly protects you from cold.
   It lets you fly.
Jewellery
 j - a ring of see invisible (left hand)
 q - an amulet of regeneration (around neck)
 u - an uncursed ring of flight {unknown}
 z - an uncursed ring of wizardry {unknown}
Scrolls
 b - 3 scrolls of fog {unknown}
 g - 3 scrolls of enchant armour {unknown}
 k - 5 scrolls of identify {unknown}
 l - a scroll of random uselessness {unknown}
 o - 2 scrolls of teleportation {unknown}
 p - a scroll of fear {unknown}
 s - 2 scrolls of remove curse {unknown}
 A - a scroll of immolation {unknown}
 C - a scroll of enchant weapon {unknown}
Potions
 d - 3 potions of might
 i - 2 potions of haste {unknown}
 n - 2 potions of lignification {unknown}
 r - a potion of berserk rage {unknown}
 x - a potion of curing {unknown}
Comestibles
 f - 9 rations


   Skills:
 + Level 4.3 Fighting
 + Level 4.9 Long Blades
 + Level 4.1 Armour
 + Level 1.2 Dodging
 + Level 4.8 Shields


You had 5 spell levels left.
You didn't know any spells.
Your spell library was empty.

Dungeon Overview and Level Annotations

Branches:
Dungeon (4/15)
 Temple: D:4-7

Altars:
Cheibriados
Fedhas
The Shining One


Message History

B - a slimy robe You open the door.
There is an open door here.
You now have 183 gold pieces (gained 6).
C - a scroll labeled JIUBLA QOTEC VOPH An ogre comes into view.
It is wielding a giant club.
The ogre shouts!
Found 14 gold pieces.
Found a ration.
You hit the ogre.
The ogre is lightly wounded.
The ogre hits you with a giant club!!
You slash the ogre!
The ogre is heavily wounded.
The ogre hits you with a giant club!!
* * * LOW HITPOINT WARNING * * *
You hit the ogre.
The ogre is heavily wounded.
The ogre hits you with a giant club!
You die...

.%.... #..... # #....
##.#####$..
..........#
#.........#
#.........#
#.....O@..#
#.$.......#########
#########.........#
#######.........#####
#...............'...#
#...............###.##
#...............###.#.
#.......########....##
#.......# #.####


You could see an ogre.

Vanquished Creatures
  Purgy (D:3)
  Jessica (D:3)
  A worker ant (D:4)
  3 gnolls (D:3)
  6 adders
  2 oozes (D:3)
  An adder skeleton (D:4)
  2 worms
  A dart slug (D:2)
  2 leopard geckos (D:1)
  A ball python (D:3)
  7 giant cockroaches
  7 hobgoblins
  5 kobolds
  A quokka (D:2)
  12 bats
  7 frilled lizards
  8 goblins
  6 rats
74 creatures vanquished.

Notes
Turn   | Place    | Note
-------+----------+-------------------------------------------
     0 | D:1      | harcile the Hill Orc Fighter began the quest for the Orb.
     0 | D:1      | Reached XP level 1. HP: 19/19 MP: 1/1
   124 | D:1      | Reached XP level 2. HP: 27/27 MP: 2/2
   557 | D:1      | Reached XP level 3. HP: 33/33 MP: 3/3
  1013 | D:2      | Found a glowing golden altar of the Shining One.
  1054 | D:2      | Became a worshipper of the Shining One
  1108 | D:2      | Reached XP level 4. HP: 31/40 MP: 4/4
  1565 | D:3      | Noticed Jessica
  1571 | D:3      | Killed Jessica
  1571 | D:3      | Reached XP level 5. HP: 16/46 MP: 5/5
  1931 | D:3      | Noticed Purgy
  1947 | D:3      | Killed Purgy
  1947 | D:3      | Reached skill level 1 in Dodging
  1947 | D:3      | Reached XP level 6. HP: 49/52 MP: 6/6
  2429 | D:4      | Found a blossoming altar of Fedhas.
  2493 | D:4      | Found a snail-covered altar of Cheibriados.
  2642 | D:4      | Got a slimy robe
  2693 | D:4      | Slain by an ogre

Skill      XL: |  1  2  3  4  5 |
---------------+----------------+-----
Shields        | 4 |  4.8
Long Blades    | 3 4 |  4.9
Fighting       | 4 |  4.3
Armour         | 4 |  4.1
Dodging        | 1 |  1.2

Action                   |  1- 3 |  4- 6 || total
-------------------------+-------+-------++-------
Melee: Long sword        |   131 |   126 ||   257
  Use: Potion            |       |     1 ||     1
  Eat: Chunk             |     1 |     4 ||     5
Armor: Quicksilver drago |    70 |    60 ||   130
Dodge: Dodged            |    50 |    35 ||    85
Block: Shield            |    53 |    75 ||   128
       Rpst.: Long sword |    18 |     8 ||    26
